 Seeded DCSS version 0.29-a0-340-g6efceafd81 (webtiles) character file.

Game seed: 7497885015580409087 (custom seed)

409 rabbitsville the Bolt Thrower (level 6, -12/40 HPs)
             Began as a Gargoyle Hunter on Apr 20, 2022.
             Killed from afar by Ijyb (41 damage)
             ... with a bolt of acid
             ... on level 3 of the Dungeon.
             The game lasted 00:07:02 (2028 turns).

rabbitsville the Bolt Thrower (Gargoyle Hunter)     Turns: 2028, Time: 00:07:02

Health: -12/40     AC:  4    Str: 14    XL:     6   Next: 89%
Magic:  6/6        EV: 11    Int: 10    God:
Gold:   128        SH:  0    Dex: 15    Spells: 5/5 levels left

rFire   . . .      SeeInvis .   a - +1 hand crossbow
rCold   . . .      Faith    .   (no shield)
rNeg    + . .      Spirit   .   b - +0 leather armour
rPois   ∞          Reflect  .   (no helmet)
rElec   +          Harm     .   (no cloak)
rCorr   .          Rampage  .   e - +0 pair of gloves
Will    +....                   (no boots)
Stlth   ++........              (no amulet)
HPRegen 0.13/turn               m - ring of Neshruof {Will+ Slay+2}
MPRegen 0.10/turn               (no ring)

@: corroded
A: sickness immunity, AC +4, negative energy resistance 1, electricity
resistance, torment resistance 1, petrification resistance
a: no special abilities


You were on level 3 of the Dungeon.
You visited 1 branch of the dungeon, and saw 3 of its levels.

You collected 128 gold pieces.

Inventory:

Hand Weapons
 a - a +1 hand crossbow (weapon)
Armour
 b - a +0 leather armour (worn)
 e - a +0 pair of gloves (worn)
Jewellery
 f - an amulet of faith
 m - the ring of Neshruof (left hand) {Will+ Slay+2}
   (You acquired it on level 2 of the Dungeon)

   [ring of willpower]

   Slay:      It affects your accuracy & damage with ranged weapons and melee
   (+2).
   Will:      It increases your willpower.
Scrolls
 c - 2 scrolls of immolation
 g - 4 scrolls of identify {unknown}
 h - a scroll of noise {unknown}
 i - a scroll of torment {unknown}
 j - 3 scrolls of acquirement
 l - 2 scrolls of vulnerability {unknown}
Potions
 d - 2 potions of degeneration {unknown}
 k - a potion of mutation {unknown}
 n - a potion of curing {unknown}
 o - a potion of brilliance {unknown}


   Skills:
 + Level 4.8 Fighting
 * Level 6.9 Crossbows
 - Level 1.5 Dodging
 - Level 1.1 Stealth


You had 5 spell levels left.
You didn't know any spells.
Your spell library contained the following spells:

 Spells                   Type           Power      Damage    Failure   Level
 Magic Dart               Conj           0%         1d3       43%         1
 Call Imp                 Summ           0%         N/A       58%         2
 Gell's Gravitas          Tloc           0%         N/A       82%         3
 Lesser Beckoning         Tloc           0%         N/A       82%         3
 Mephitic Cloud           Conj/Pois/Air  0%         N/A       82%         3
 Ozocubu's Armour         Ice            0%         N/A       82%         3
 Teleport Other           Tloc           0%         N/A       82%         3
 Alistair's Intoxication  Tmut/Pois      0%         N/A       100%        5
 Borgnjor's Vile Clutch   Necr/Erth      0%         N/A       100%        5
 Eringya's Noxious Bog    Tmut/Pois      0%         N/A       100%        6
 Ozocubu's Refrigeration  Ice            0%         4d5       100%        7


Dungeon Overview and Level Annotations

Branches:
Dungeon (3/15)

Altars:
Vehumet

Annotations:
D:3 Ijyb, Natasha


Innate Abilities, Weirdness & Mutations

You are immune to sickness and miasma.
Your stone body is resilient. (AC +4)
You are immune to poison.
You resist negative energy. (rN+)
You are resistant to electric shocks. (rElec)
You are resistant to unholy torment.
You are immune to petrification.


Message History

Grinder is almost dead.
Grinder hits you.
You writhe in agony.
You are too injured to fight recklessly!
You are too injured to fight recklessly!
You are too injured to fight recklessly!
Shoot: a) +1 hand crossbow
Press: ? - help, Q - select action Shift-Dir - straight line, f/p - Grinder
Aim: Grinder (almost dead, 65% to hit)
You shoot a bolt. The bolt hits Grinder!
You kill Grinder!
You have reached level 6!
You start resting.
Natasha, Servant of Life and Death comes into view.
There is a faded altar of an unknown god here.
You start resting.
HP restored.
You now have 128 gold pieces (gained 11).
g - 4 scrolls labelled UQIOTI DUMA (gained 1) Ijyb the Twisted Goblin comes into view.
She is wielding a +0 club and carrying a wand of acid (10).
Ijyb shouts!
You hear an angry hiss.
You shoot a bolt. The bolt hits Ijyb!
Ijyb is moderately wounded.
You shoot a bolt. The bolt closely misses Ijyb.
Ijyb zaps a wand.
The bolt of acid hits you! The acid corrodes you!
You shoot a bolt. The bolt hits Ijyb.
Ijyb is heavily wounded.
You shoot a bolt.
Natasha hisses angrily.
The bolt hits Ijyb but does no damage.
Ijyb is heavily wounded.
An adder comes into view.
You shoot a bolt. The adder hisses angrily.
The bolt hits Ijyb.
Ijyb is heavily wounded.
Ijyb hits you with a +0 club.
Ijyb zaps a wand.
The bolt of acid misses you.
Ijyb zaps a wand.
The bolt of acid hits you!!!
Ouch! That really hurt!
You die...

#. ...#
##.###..######.
...........h.S.
#.#.#.S#
#.#.....h#
#.###.#g.# #.#
#.#..#
###..##.#..#
.....>..@..#
####.##.##.#
#......##.#
#.#..###...
#.#...§##.##
#.#<._.####
#........#
###.####.#
#.####.# #.#


You could see Ijyb, Natasha and an adder.

Vanquished Creatures
  Grinder (D:3)
  A scorpion (D:3)
  Natasha (twice) (D:3)
  4 adders (D:2)
  A dart slug (D:2)
  5 endoplasms
  5 goblins
  6 hobgoblins
  7 jackals
  3 kobolds
  5 quokkas
  4 ball pythons
  2 bats (D:1)
  2 frilled lizards (D:2)
  4 rats
52 creatures vanquished.

Vanquished Creatures (others)
  2 plants (D:3)
2 creatures vanquished.

Grand Total: 54 creatures vanquished

Notes
Turn   | Place    | Note
-------+----------+-------------------------------------------
     0 | D:1      | rabbitsville the Gargoyle Hunter began the quest for the
                  | Orb.
     0 | D:1      | Reached XP level 1. HP: 12/12 MP: 1/1
   229 | D:1      | Reached XP level 2. HP: 18/18 MP: 2/2
   621 | D:1      | Reached XP level 3. HP: 21/22 MP: 3/3
  1043 | D:2      | Reached skill level 5 in Crossbows
  1043 | D:2      | Reached XP level 4. HP: 28/28 MP: 4/4
  1063 | D:2      | Identified 4 scrolls of acquirement
  1063 | D:2      | Acquired the ring of Neshruof {Will+ Slay+2}
  1114 | D:2      | Found a radiant altar of Vehumet.
  1607 | D:3      | Noticed Natasha
  1614 | D:3      | Killed Natasha
  1716 | D:3      | Reached XP level 5. HP: 32/32 MP: 5/5
  1753 | D:3      | Noticed Natasha
  1762 | D:3      | Killed Natasha
  1763 | D:3      | Reached skill level 6 in Crossbows
  1764 | D:3      | Found a faded altar of an unknown god.
  1788 | D:3      | Noticed Grinder
  1796 | D:3      | Paralysed by Grinder for 7 turns
  1812 | D:3      | Killed Grinder
  1813 | D:3      | Reached XP level 6. HP: 14/40 MP: 6/6
  1848 | D:3      | Noticed Natasha
  2018 | D:3      | Noticed Ijyb
  2028 | D:3      | Killed from afar by Ijyb

Illustrated notes

Levels and vault maps discovered:
D:1:      evilmike_arrival_fibonacci_small, layout_basic
D:2:      layout_basic, basic_altar, chequers_serial_rivers_small_b
D:3:      layout_loops_ring, serial_shops, nicolae_shop_overgrown_old_shop,
          ebering_ecumenical_altar_mist, uniq_ijyb, uniq_crazy_yiuf_cottage,
          uniq_grinder, uniq_natasha, uniq_sigmund

Skill      XL: |  1  2  3  4  5 |
---------------+----------------+-----
Fighting       | 3 4 |  4.8
Crossbows      | 5 6 |  6.9
Dodging        | |  1.5
Stealth        | |  1.1

Action                   |  1- 3 |  4- 6 || total
-------------------------+-------+-------++-------
 Fire: Hand crossbow     |    96 |    83 ||   179
  Use: Scroll            |       |     1 ||     1
Armor: Leather armour    |    29 |     5 ||    34
Dodge: Dodged            |    44 |    15 ||    59

Table legend: (Time is in decaauts)
 A = Elapsed time spent in this place.
 B = Non-inter-level travel time spent in this place.
 C = Inter-level travel time spent in this place.
 D = Time resting spent in this place.
 E = Time spent auto-exploring this place.
 F = Levels seen in this place.
 G = Mean time per level.
                   A        B        C        D        E       F      G
               +--------+--------+--------+--------+--------+-----+--------+
         Total |   2078 |   1949 |    129 |    186 |   1381 |   3 |  692.7 |
       Dungeon |   2078 |   1949 |    129 |    186 |   1381 |   3 |  692.7 |
               +--------+--------+--------+--------+--------+-----+--------+

Top non-repeatable levels by time:
     D:1: 919 daAuts
     D:2: 722 daAuts
     D:3: 437 daAuts
